[Event "***Titled Tuesday 3|2 Blitz"]
[Site "Chess.com"]
[Date "2017.02.07"]
[Round "2"]
[White "tigra"]
[Black "kiborg1987"]
[Result "1/2-1/2"]
[WhiteElo "2549"]
[BlackElo "2647"]
[TimeControl "180+2"]
[EndTime "13:31:12 PST"]
[Termination "Game drawn by agreement"]

1. e4 e6 2. d4 d5 3. Nc3 Nf6 4.
Bg5 dxe4 5. Nxe4 Be7 6. Bxf6 gxf6 7. Qd2 b6 8. O-O-O Bb7 9. Bb5+ Nd7 10. Qe2 c6 11. Ba6 Qc7 12. Bxb7 Qxb7 13. f4 O-O-O 14. Nf3 Kb8 15. f5 Rhe8 16. Qc4 b5 17. Qc3 Nb6 18. Rhe1 Nd5 19. Qd3 Ka8 20. Kb1 a5 21. c3 Bf8 22. Qf1 exf5 23. Ng3 Ne3 24. Qd3 Nxd1 25.
Rxd1 f4 26. Nh5 Qe7 27. Qxh7 Qe4+ 28. Qxe4 Rxe4 29. Rd2 Bd6 30. Nxf6 Re6 31. Ng4 Kb7 32. Nf2 Rg8 33. Nd3 Reg6 34. Nde1 a4 35. Kc2 Kc7 36.
Kd3 Re8 37. Nc2 Reg8 38. Nce1 Re8 39. Nc2 Rge6 40. Rf2 Kb6 41. Ng5 R6e7 42. Nh3 c5 43. dxc5+ Bxc5 44. Rxf4 Rd7+ 45. Nd4 Bxd4 46. cxd4 Re1 47.
Rf6+ Kb7 48. Nf2 Rf1 49. h4 Rb1 50. h5 Rxb2 51. h6 Rb4 52. Ke3 Rbxd4 53. Ne4 R4d5 54.
h7 Rh5 55. Nc5+ Kc7 56. Nxd7 Kxd7 57. g4 Rh3+ 58. Kd4 Rxh7 59. Kc5 Ke7 60. Rf4 Rh2 61.
a3 Rh3 62. Kxb5 Rxa3 63. Kb4 Ra1 64. Rf5 Rg1 65. Rg5 Kf6 66. Rg8 Ra1 67. g5+ Ke7 68.
Kb5 a3 69. Ka4 Ke6 70. Rg7 Rb1 71. Kxa3 Rb6 72. Ka4 Ke7 73. Rh7 Rg6 74. Rh5 Ke6 75. Kb3 Kf5 76. Rh7 Ke6 77. Rh5 Rg7 78. Kc4 Kf5 79. Kd3 Kg4 80. Rh1 Rxg5 81. Ke3 Re5+ 82. Kf2 Rf5+ 83. Kg2 Kf4 84. Ra1 Ke5 85. Kg3 Kf6 86.
Ra6+ Kg7 87. Rb6 Rc5 88. Ra6 Rb5 89. Kf3 f6 90. Kf4 Kg6 91. Kg4 Rb4+ 92. Kg3 Rc4 93. Ra5 f5 94. Ra8 Rc3+ 95. Kf4 Rc4+ 96. Kf3 Rb4 97.
Ra6+ Kg5 98. Ra8 Rb3+ 99. Kf2 Rc3 100. Ra4 Rh3 101. Kg2 Rb3 102. Kf2 Rc3 103. Kg2 Re3 104. Kf2 Rh3 105. Kg2 1/2-1/2

[Event "***Titled Tuesday 3|2 Blitz"]
[Site "Chess.com"]
[Date "2017.02.07"]
[Round "2"]
[White "FairChess_on_YouTube"]
[Black "kpio91"]
[Result "1-0"]
[WhiteElo "2750"]
[BlackElo "2519"]
[TimeControl "180+2"]
[EndTime "13:31:33 PST"]
[Termination "FairChess_on_YouTube won on time"]

1. d4 Nf6 2. Bg5 Ne4 3. Bf4 d5 4.
f3 Nd6 5. Nc3 c6 6. e4 e6 7. Bd3 b6 8. Qe2 Be7 9. O-O-O Nd7 10.
exd5 cxd5 11. Nxd5 Bg5 12. Qd2 Bxf4 13. Qxf4 Nf8 14.
Qe5 f6 15. Qe3 Bb7 16. Nf4 Qd7 17. Nge2 O-O-O 18. Kb1 Kb8 19. c4 g5 20. Nh5 Qf7 21.
Neg3 Nf5 22. Bxf5 exf5 23. f4 Bxg2 24. Rhg1 Be4+ 25. Nxe4 fxe4 26. Ng3 Ne6 27. fxg5 Nxg5 28. Qf4+ Ka8 29. h4 Nf3 30. Qxe4+ Qb7 31. Rgf1 Qxe4+ 32. Nxe4 Rxd4 33. Rxd4 Nxd4 34. Nxf6 Rf8 35. b3 Kb7 36.
Rf2 Kc6 37. Kb2 a5 38. Ne4 Rxf2+ 39. Nxf2 h5 40. Nd3 Nf5 41. Nf4 Nxh4 42. Nxh5 Nf5 43.
Nf4 Nd4 44. Kc3 Nf5 45. Ne2 Kc5 46. Nc1 Nd6 47. Nd3+ Kc6 48. Kd4 Nf5+ 49. Ke4 Nd6+ 50. Ke5 Nb7 51. Ke6 b5 52. Ke5 bxc4 53. bxc4 Nd6 54.
Kd4 Nf5+ 55. Kc3 Nd6 56. Nc1 Ne4+ 57. Kd4 Nd6 58. Nb3 Nf5+ 59. Ke5 Ne3 60. Kd4 Nf5+ 61. Ke4 Nd6+ 62. Kd3 a4 63. Nd2 Kc5 64. Kc3 Nf5 65.
Ne4+ Kc6 66. Kb4 Ne3 67. Nd2 a3 68. Kxa3 Kc5 69. Kb3 Nf5 70. Kc3 Nd6 71. Nb3+ Kc6 72. Kb4 Ne4 73. a4 Kb6 74. a5+ Kc6 75. Nd4+ Kb7 76.
Ne6 Nd6 77. Nc5+ Kc6 78. Nb3 Kb7 79. Nd4 Ka6 80. c5 Ne4 81. Nb3 Kb7 82. Kb5 Nc3+ 83. Kc4 Ne4 84. Kd5 Nf6+ 85. Ke5 Nd7+ 86. Kd6 Nb8 87.
Nd4 Na6 88. c6+ Kc8 89. Nb5 Kb8 90. c7+ Kb7 91. Kd7 Nc5+ 92. Kd6 Na6 93. Kd7 Nc5+ 94. Ke7 Kc8 95. Kd6 Nb7+ 96. Kc6 Nxa5+ 97.
Kc5 Kb7 98. Kd5 Nc6 99. Kd6 Nb8 100. Na7 Na6 101. c8=Q+ 1-0

[Event "***Titled Tuesday 3|2 Blitz"]
[Site "Chess.com"]
[Date "2017.02.07"]
[Round "2"]
[White "GGuseinov"]
[Black "Hikaru"]
[Result "1-0"]
[WhiteElo "2572"]
[BlackElo "2906"]
[TimeControl "180+2"]
[EndTime "13:32:51 PST"]
[Termination "GGuseinov won by resignation"]

1. e4 e5 2. Nf3 Nc6 3. Bb5 Nf6 4. O-O Nxe4 5. Re1 Nd6 6. Nxe5 Be7 7.
Bf1 Nf5 8. Nf3 O-O 9. d4 d5 10. c3 Bd6 11. Bd3 Re8 12. Rxe8+ Qxe8 13. Nbd2 Nce7 14.
Nf1 Qf8 15. Ne3 Nxe3 16. Bxe3 c6 17. Qc2 g6 18. Re1 Bf5 19. h3 Re8 20. Qd2 f6 21.
Bxf5 Nxf5 22. Bf4 Rxe1+ 23. Nxe1 Qe7 24. Bxd6 Nxd6 25. Nd3 a5 26. Kf1 b6 27. Qe2 Ne4 28. Qe3 Kf7 29. g3 g5 30. Kg2 Qe6 31. f3 Nd6 32.
Qxe6+ Kxe6 33. g4 a4 34. h4 a3 35. hxg5 axb2 36. Nxb2 fxg5 37. Kf2 Kd7 38. Ke3 h6 39. Kd3 b5 40. a4 bxa4 41. Nxa4 Nc4 42. Nc5+ Kd6 43.
Nb7+ Ke7 44. Nc5 Nd6 45. Nb3 Ne8 46. Nd2 Ng7 47. Nf1 Ne6 48. Ng3 Kf6 49. Ke3 Nf4 50. Ne2 Ng6 51. Ng3 Nh4 52. Nh5+ Kf7 53. Ng3 Kg6 54. Nh5 Kf7 55. Ng3 Ke7 56. Nh5 Ng6 57. Ng3 Kf6 58. Nh5+ Kf7 59. Ng3 Ne7 60. Nh5 Nc8 61. Ng3 Nd6 62. Nh5 Ne8 63. Ng3 Nd6 64.
Nh5 Nb5 65. Kd3 Nc7 66. Ke3 Ne8 67. Ng3 Nd6 68. Nh5 Ke7 69. Ng3 Kd7 70. Nh5 Ne8 71.
Ng3 Nf6 72. Nf5 h5 73. gxh5 Nxh5 74. Nh6 Ke6 75. Ng4 Ng3 76. Kf2 Nf5 77. Ke2 Ne7 78.
Ke3 Kf5 79. Nh6+ Ke6 80. Ng4 Ng6 81. Nh6 Nh8 82. Kf2 Ng6 83. Ke3 Ne7 84. Kf2 Nc8 85. Ke3 Nd6 86. Ng4 Nc4+ 87. Kf2 Nb2 88. Ke3 Kf5 89.
Nh6+ Ke6 90. Ng4 Na4 91. Kd3 Kf5 92. Nh6+ Kf4 93. Nf7 Nb2+ 94. Ke2 Na4 95. Kd3 Nb6 96. Ke2 Nc8 97. Ne5 Ne7 98. Kf2 Kf5 99. Nd3 Kf6 100. Ne5 Ke6 101. Nd3 Nf5 102. Ke2 Nh4 103. Kf2 Nf5 104. Nb4 Kd6 105. Nd3 Ke6 106. Nb4 Ne7 107. Nd3 Kf5 108.
Ke3 Kf6 109. Ne5 Kf5 110. Nd3 Kg6 111. Ne5+ Kf6 112. Ng4+ Ke6 113. Kf2 Nf5 114. Ke2 Nd6 115. Ke3 Nb5 116. Kd3 Kf5 117. Nh6+ Kf4 118. Nf7 Nd6 119. Nxd6 Kxf3 120. Nf7 g4 121. Ne5+ Kf4 122. Ke2 g3 123. Nxc6 Kg4 124. Kf1 Kf3 125. Ne7 Ke4 126. Kg2 1-0

[Event "***Titled Tuesday 3|2 Blitz"]
[Site "Chess.com"]
[Date "2017.02.07"]
[Round "3"]
[White "Grootneus"]
[Black "Evgeny81"]
[Result "0-1"]
[WhiteElo "2126"]
[BlackElo "2400"]
[TimeControl "180+2"]
[EndTime "13:37:03 PST"]
[Termination "Evgeny81 won by resignation"]

1. e4 c6 2. d4 d5 3. Nc3 dxe4 4. Nxe4 Bf5 5. Ng3 Bg6 6. h4 h6 7. Nf3 Nd7 8. h5 Bh7 9. Bd3 Bxd3 10. Qxd3 e6 11.
Bd2 Ngf6 12. O-O-O Be7 13. Kb1 O-O 14. Ne4 Nxe4 15. Qxe4 Nf6 16. Qe2 Qd5 17. Ne5 Rad8 18. g4 Qe4 19. Be3 Rxd4 20. Rxd4 Qxh1+ 0-1

[Event "***Titled Tuesday 3|2 Blitz"]
[Site "Chess.com"]
[Date "2017.02.07"]
[Round "3"]
[White "dcremisi"]
[Black "DryCounty"]
[Result "0-1"]
[WhiteElo "2247"]
[BlackElo "2397"]
[TimeControl "180+2"]
[EndTime "13:37:09 PST"]
[Termination "DryCounty won by resignation"]

1. d4 Nf6 2. c4 g6 3. Nc3 Bg7 4. e4 O-O 5. f3 d6 6. Be3 c5 7. Nge2 Nc6 8. Qd2 e6 9. O-O-O cxd4 10.
Nxd4 d5 11. cxd5 exd5 12. exd5 Nxd5 13. Nxc6 bxc6 14. Nxd5 cxd5 15. Qxd5 Qf6 16. Bd4 Qf4+ 17. Kb1 Bf5+ 18. Bd3 Rad8 0-1

[Event "***Titled Tuesday 3|2 Blitz"]
[Site "Chess.com"]
[Date "2017.02.07"]
[Round "3"]
[White "nOcHeaTiNgKiD"]
[Black "sergiochess83"]
[Result "0-1"]
[WhiteElo "2201"]
[BlackElo "2720"]
[TimeControl "180+2"]
[EndTime "13:37:14 PST"]
[Termination "sergiochess83 won by resignation"]

1. d4 Nf6 2. Nf3 g6 3. Bf4 Bg7 4. e3 d6 5. Be2 c5 6. c3 cxd4 7. cxd4 O-O 8. O-O Qb6 9. Nbd2 Be6 10. Ng5 Bd5 11. Bc4 Nc6 12. Rb1 Rac8 13. Qe2 Bxc4 14.
Nxc4 Qa6 15. Qd3 Nb4 0-1

[Event "***Titled Tuesday 3|2 Blitz"]
[Site "Chess.com"]
[Date "2017.02.07"]
[Round "3"]
[White "PlotnikovPavel"]
[Black "martinique24"]
[Result "0-1"]
[WhiteElo "2305"]
[BlackElo "2319"]
[TimeControl "180+2"]
[EndTime "13:37:52 PST"]
[Termination "martinique24 won by resignation"]

1. d4 Nf6 2. Nf3 g6 3. g3 Bg7 4.
Bg2 O-O 5. O-O d5 6. Nbd2 c6 7. c4 Bf5 8. b3 Ne4 9. Bb2 Qa5 10. Qc1 Nd7 11. Nxe4 Bxe4 12. Bc3 Qa6 13. Bb4 c5 14. dxc5 Bxa1 15. Qxa1 dxc4 16. Bd2 cxb3 17. Bh6 Qf6 18. Bxf8 Qxa1 19. Rxa1 b2 20. Rd1 Nxf8 21. Nd2 Bxg2 22. Kxg2 Rd8 0-1

[Event "***Titled Tuesday 3|2 Blitz"]
[Site "Chess.com"]
[Date "2017.02.07"]
[Round "3"]
[White "gmwesley_so"]
[Black "Noukii"]
[Result "1-0"]
[WhiteElo "2744"]
[BlackElo "2614"]
[TimeControl "180+2"]
[EndTime "13:38:25 PST"]
[Termination "gmwesley_so won by resignation"]

1. e4 e5 2. Nf3 Nc6 3. Bb5 a6 4.
Ba4 Nf6 5. O-O Be7 6. Re1 b5 7. Bb3 d6 8. c3 O-O 9. h3 Na5 10. Bc2 d5 11. d4 dxe4 12. Nxe5 Bb7 13. Be3 c5 14. Nd2 Qc7 15. Qb1 Nc6 16. Nxe4 cxd4 17. Nxc6 Bxc6 18. Bxd4 Nd5 19. Ng3 g6 20. Be5 Bd6 21.
Bxd6 Qxd6 22. Ne4 Qe5 23. Qc1 Rfe8 24. Qh6 Rad8 25. Bb3 Nf4 26. Ng5 1-0

[Event "***Titled Tuesday 3|2 Blitz"]
[Site "Chess.com"]
[Date "2017.02.07"]
[Round "3"]
[White "AllStarShark"]
[Black "olgerts_indricans"]
[Result "1-0"]
[WhiteElo "2266"]
[BlackElo "2322"]
[TimeControl "180+2"]
[EndTime "13:38:28 PST"]
[Termination "AllStarShark won by resignation"]

1. d4 Nf6 2. Bg5 d5 3. Bxf6 gxf6 4. c4 Nc6 5. e3 Bf5 6. Nc3 dxc4 7. Bxc4 Bg6 8. Nge2 a6 9. Nf4 e6 10. Nxg6 hxg6 11.
h3 Bb4 12. Qb3 Qe7 13. a3 Na5 14. Qa4+ c6 15. Be2 b5 16. Qxb4 1-0

[Event "***Titled Tuesday 3|2 Blitz"]
[Site "Chess.com"]
[Date "2017.02.07"]
[Round "3"]
[White "Sethu0025"]
[Black "Blitzstream"]
[Result "1-0"]
[WhiteElo "2551"]
[BlackElo "2448"]
[TimeControl "180+2"]
[EndTime "13:38:47 PST"]
[Termination "Sethu0025 won by checkmate"]

1. e4 d5 2. exd5 Qxd5 3. Nc3 Qa5 4.
d4 Nf6 5. Bc4 Bg4 6. f3 Bf5 7. Ne2 e6 8. Bd2 Qb6 9. O-O Be7 10. Bb3 O-O 11. Be3 Nc6 12. Na4 Qa5 13. Bd2 Qa6 14. Qe1 Rad8 15. Be3 Nb4 16. Rc1 Nxc2 17.
Rxc2 Bxc2 18. Bxc2 Nd5 19. Nec3 Nxe3 20. Qxe3 Bf6 21.
Rd1 Qc4 22. Qe4 Rxd4 23. Qxh7# 1-0

[Event "***Titled Tuesday 3|2 Blitz"]
[Site "Chess.com"]
[Date "2017.02.07"]
[Round "3"]
[White "aa175"]
[Black "Entilza"]
[Result "1-0"]
[WhiteElo "1916"]
[BlackElo "2175"]
[TimeControl "180+2"]
[EndTime "13:39:03 PST"]
[Termination "aa175 won by resignation"]

1. e4 c6 2. Nf3 d5 3. exd5 cxd5 4.
d4 Nc6 5. Bd3 Nf6 6. Be3 Bg4 7.
O-O e6 8. Nbd2 Bd6 9. h3 Bh5 10.
c4 dxc4 11. Nxc4 Nd5 12. a3 Bg6 13. b4 a6 14. Qe2 Nf4 15. Bxf4 Bxf4 16. Bxg6 hxg6 17.
d5 Ne7 18. dxe6 O-O 19. Rfd1 Qe8 20. Nb6 1-0

[Event "***Titled Tuesday 3|2 Blitz"]
[Site "Chess.com"]
[Date "2017.02.07"]
[Round "3"]
[White "Boryboy"]
[Black "Incognito_Knight"]
[Result "0-1"]
[WhiteElo "2375"]
[BlackElo "2286"]
[TimeControl "180+2"]
[EndTime "13:39:08 PST"]
[Termination "Incognito_Knight won by resignation"]

1. d4 d5 2. Nf3 Nf6 3. c4 e6 4. g3 dxc4 5. Bg2 c5 6. O-O Nc6 7.
dxc5 Qxd1 8. Rxd1 Bxc5 9. Nbd2 c3 10. bxc3 O-O 11. Nb3 Be7 12. Nfd4 Bd7 13. Bg5 Rfd8 14. Nxc6 Bxc6 15. Bxc6 bxc6 16. Na5 Nd5 17. Nxc6 Bxg5 18.
Nxd8 Bxd8 19. c4 Nf6 20. Rab1 Bb6 21. Rb5 Ne4 22. e3 Nc3 23. Rd7 Nxb5 24. cxb5 Kf8 25. a4 Rb8 26. Rd3 Ke7 27. Ra3 Ba5 28. Rd3 Rd8 29.
Rb3 Rd1+ 30. Kg2 Ra1 31. h4 Rxa4 32. h5 Rb4 33. Ra3 Rxb5 34. g4 Bb6 35. Kf3 a5 36. Kg3 Rb4 37. Rc3 a4 38. Rc8 Rb5 39. Rh8 a3 40. Rxh7 a2 41. Rxg7 a1=Q 42. h6 Qg1+ 43. Kf3 Qh1+ 0-1

[Event "***Titled Tuesday 3|2 Blitz"]
[Site "Chess.com"]
[Date "2017.02.07"]
[Round "3"]
[White "kleinebeer98"]
[Black "FabianoCaruana"]
[Result "0-1"]
[WhiteElo "2472"]
[BlackElo "2690"]
[TimeControl "180+2"]
[EndTime "13:39:22 PST"]
[Termination "FabianoCaruana won by resignation"]

1. e4 c5 2. Nf3 e6 3. b3 b6 4.
Bd3 Bb7 5. O-O Nc6 6. Re1 Nf6 7. e5 Nd5 8. Be4 Nde7 9. d4 cxd4 10. Nxd4 Ng6 11.
Nxc6 Bxc6 12. Bxc6 dxc6 13. Qf3 Qd5 14. Nd2 Bb4 15.
Qxd5 cxd5 16. Re2 Bc3 17. Rb1 Nxe5 18. Bb2 Bxb2 19. Rxb2 Nc6 20. c3 Ke7 21. f4 Kf6 22. g4 h5 23. h3 hxg4 24. hxg4 Rh4 25. Rg2 Rah8 26. Nf3 Rh1+ 27. Kf2 Rc1 28. c4 dxc4 29.
bxc4 Rxc4 30. Kg3 Rd8 31. Rbc2 Rc5 32. g5+ Ke7 33. g6 Rd3 34. Kg4 f5+ 0-1

[Event "***Titled Tuesday 3|2 Blitz"]
[Site "Chess.com"]
[Date "2017.02.07"]
[Round "3"]
[White "GianmarcoVaR"]
[Black "Rating-Schmating"]
[Result "1-0"]
[WhiteElo "2394"]
[BlackElo "2271"]
[TimeControl "180+2"]
[EndTime "13:39:22 PST"]
[Termination "GianmarcoVaR won by checkmate"]

1. d4 Nf6 2. Nf3 d5 3. c4 Bf5 4.
Nc3 c6 5. Qb3 Qb6 6. c5 Qc7 7.
Bf4 Qc8 8. h3 h5 9. e3 Nbd7 10.
Be2 Ne4 11. O-O b5 12. a4 a6 13. axb5 axb5 14. Nxb5 cxb5 15. Qxd5 Rxa1 16. Rxa1 Ndf6 17. Bxb5+ Bd7 18. Bxd7+ Qxd7 19. Ra8+ Qd8 20. Qxd8# 1-0

[Event "***Titled Tuesday 3|2 Blitz"]
[Site "Chess.com"]
[Date "2017.02.07"]
[Round "3"]
[White "SavelijTartakover"]
[Black "rubhani"]
[Result "1-0"]
[WhiteElo "2534"]
[BlackElo "2373"]
[TimeControl "180+2"]
[EndTime "13:40:09 PST"]
[Termination "SavelijTartakover won by resignation"]

1. d4 Nf6 2. c4 e6 3. Nf3 b6 4. g3 Bb7 5. Bg2 g6 6. O-O Bg7 7. Nc3 Ne4 8. Nxe4 Bxe4 9. Bg5 Qc8 10. Qd2 h6 11. Be3 d6 12. d5 e5 13. b4 Nd7 14.
Rac1 a5 15. a3 axb4 16. axb4 Nf6 17. Nh4 Bxg2 18. Nxg2 Qh3 19. f3 O-O 20. Bf2 h5 21. e4 Kh7 22. Be3 Ng8 23. c5 bxc5 24. bxc5 f5 25.
cxd6 cxd6 26. exf5 Rxf5 27. Rc7 Raf8 28. Nh4 R5f7 29.
Qd3 Ne7 30. Rxe7 Rxe7 31. Nxg6 e4 32. Nxf8+ Bxf8 33. fxe4 Rg7 34. Rxf8 1-0

[Event "***Titled Tuesday 3|2 Blitz"]
[Site "Chess.com"]
[Date "2017.02.07"]
[Round "3"]
[White "kpio91"]
[Black "VishnuPrasanna"]
[Result "1-0"]
[WhiteElo "2526"]
[BlackElo "2472"]
[TimeControl "180+2"]
[EndTime "13:40:24 PST"]
[Termination "kpio91 won by resignation"]

1. e4 e5 2. Nf3 Nc6 3. Bc4 Bc5 4.
O-O Nf6 5. d3 a6 6. c3 d6 7. a4 Ba7 8. a5 h6 9. Re1 g5 10. Be3 Bb8 11. d4 g4 12. Nfd2 h5 13.
b4 g3 14. h3 Ba7 15. Nb3 gxf2+ 16. Bxf2 Rg8 17. Qf3 exd4 18. e5 dxe5 19. cxd4 Qe7 20.
Nc3 Qxb4 21. dxe5 Qxc4 22. exf6+ Be6 23. Bxa7 Qxb3 24. Rab1 Qc4 25. Nd5 O-O-O 26. Ne7+ Nxe7 27. fxe7 Rd5 28. Rbc1 Qa2 29. Rxe6 1-0

[Event "***Titled Tuesday 3|2 Blitz"]
[Site "Chess.com"]
[Date "2017.02.07"]
[Round "3"]
[White "HouseOfDurin"]
[Black "Kacparov"]
[Result "0-1"]
[WhiteElo "1894"]
[BlackElo "2577"]
[TimeControl "180+2"]
[EndTime "13:40:33 PST"]
[Termination "Kacparov won by resignation"]

1. c4 e5 2. Nc3 Nf6 3. e4 Bc5 4.
g3 O-O 5. Bg2 Nc6 6. h3 d6 7.
Nge2 a6 8. a4 Nd4 9. O-O c6 10. d3 Be6 11. Be3 d5 12. cxd5 cxd5 13. Bxd4 exd4 14. Nxd5 Nxd5 15. exd5 Bxd5 16. Nf4 Bxg2 17.
Kxg2 Bd6 18. Qg4 Rc8 19. Rac1 Bxf4 20. Qxf4 Qd5+ 21. Qf3 Qb3 22. Rxc8 Rxc8 23. Qe4 Qxb2 24. Re1 h6 25. Re2 Qb4 26. g4 Rb8 27. h4 Qxa4 28.
g5 hxg5 29. hxg5 Qc6 30. Kf3 Qxe4+ 31. Rxe4 a5 32. Rxd4 b5 33. Re4 a4 34. Rb4 a3 35.
Rb1 b4 36. Ke2 b3 37. Kd2 a2 0-1

[Event "***Titled Tuesday 3|2 Blitz"]
[Site "Chess.com"]
[Date "2017.02.07"]
[Round "3"]
[White "ChristopherYoo"]
[Black "chorejason"]
[Result "1-0"]
[WhiteElo "2087"]
[BlackElo "2010"]
[TimeControl "180+2"]
[EndTime "13:40:38 PST"]
[Termination "ChristopherYoo won by resignation"]

1. e4 c5 2. Nf3 d6 3. d4 cxd4 4. Nxd4 Nf6 5. Nc3 g6 6. Be3 Bg7 7. f3 O-O 8. Qd2 Nc6 9. Bc4 Bd7 10. h4 Qa5 11. h5 Nxh5 12. g4 Nf6 13. Nxc6 bxc6 14.
Bh6 Qc5 15. Bxg7 Kxg7 16. Qh6+ Kg8 17. Bb3 Rfb8 18. O-O-O Be6 19. e5 dxe5 20. Ne4 Bxb3 21.
Nxc5 Bxa2 22. Nd7 1-0

[Event "***Titled Tuesday 3|2 Blitz"]
[Site "Chess.com"]
[Date "2017.02.07"]
[Round "3"]
[White "FairChess_on_YouTube"]
[Black "BilodeauA"]
[Result "1/2-1/2"]
[WhiteElo "2746"]
[BlackElo "2579"]
[TimeControl "180+2"]
[EndTime "13:40:39 PST"]
[Termination "Game drawn by repetition"]

1. e4 c5 2. Nf3 Nc6 3. Be2 d6 4.
O-O Nf6 5. Nc3 g6 6. d4 cxd4 7. Nxd4 Bg7 8. Be3 O-O 9. Qd2 Bd7 10. Rad1 Rc8 11. Nb3 Re8 12. Bh6 Bh8 13. Rfe1 Ne5 14.
h3 Nc4 15. Bxc4 Rxc4 16. e5 Nh5 17. exd6 exd6 18. Qxd6 Rxe1+ 19. Rxe1 Rc6 20. Qb4 Re6 21.
Rd1 Qe8 22. Nd5 Re4 23. Qxb7 Re1+ 24. Rxe1 Qxe1+ 25. Kh2 Be5+ 26. f4 Qg3+ 27. Kh1 Qe1+ 28. Kh2 Qg3+ 29. Kh1 Qe1+ 30. Kh2 Qg3+ 31. Kh1 Qe1+ 1/2-1/2

[Event "***Titled Tuesday 3|2 Blitz"]
[Site "Chess.com"]
[Date "2017.02.07"]
[Round "3"]
[White "VMikhalevski"]
[Black "DrVitman"]
[Result "1-0"]
[WhiteElo "2516"]
[BlackElo "2483"]
[TimeControl "180+2"]
[EndTime "13:40:39 PST"]
[Termination "VMikhalevski won by resignation"]

1. d4 d5 2. c4 e6 3. Nf3 Nf6 4. g3 Nbd7 5. Bg2 c6 6. O-O Be7 7. b3 O-O 8. Nc3 b6 9. Qc2 Bb7 10. Rd1 Rc8 11. e4 dxe4 12. Ng5 c5 13. dxc5 Bxc5 14. Ncxe4 Bxe4 15. Nxe4 Nxe4 16. Bxe4 g6 17. b4 Bxb4 18. Qa4 Nc5 19. Qc2 Qe7 20. a3 Ba5 21. Bf3 Rfd8 22. Bb2 Rxd1+ 23. Rxd1 Rd8 24. h4 Rxd1+ 25. Qxd1 e5 26. Qd5 Na4 27. Bxe5 Bc3 28. Bd6 Qe8 29. Kg2 Bg7 30. Qb7 Nc5 31.
Qxa7 Bd4 32. Qxb6 Qe1 33. Qd8+ Kg7 34. Bf8+ 1-0

[Event "***Titled Tuesday 3|2 Blitz"]
[Site "Chess.com"]
[Date "2017.02.07"]
[Round "3"]
[White "Daniela_Movileanu"]
[Black "alekroth64"]
[Result "0-1"]
[WhiteElo "2056"]
[BlackElo "2229"]
[TimeControl "180+2"]
[EndTime "13:40:42 PST"]
[Termination "alekroth64 won by checkmate"]

1. e4 e5 2. Nf3 Nc6 3. Bb5 a6 4.
Ba4 Nf6 5. Bxc6 dxc6 6. d3 Nd7 7.
Nbd2 c5 8. O-O Be7 9. b3 O-O 10.
Bb2 f6 11. Nc4 Nb8 12. Ne3 Be6 13. Nh4 Re8 14. Nhf5 Bf8 15. Qg4 Nc6 16. f4 exf4 17.
Rxf4 Kh8 18. Rf3 Nd4 19. Bxd4 cxd4 20. Nc4 g6 21. Rh3 gxf5 22. exf5 Bxc4 23. bxc4 Qd7 24. Qg6 Qg7 25. Qh5 Re3 26. Rh4 Rae8 27. Rf1 Re1 28. Rxe1 Rxe1+ 29. Kf2 Qe7 30. Rh3 Rc1 31.
Rf3 Qe1# 0-1

[Event "***Titled Tuesday 3|2 Blitz"]
[Site "Chess.com"]
[Date "2017.02.07"]
[Round "3"]
[White "Cecile_Haussernot"]
[Black "bilelou"]
[Result "1-0"]
[WhiteElo "2282"]
[BlackElo "2339"]
[TimeControl "180+2"]
[EndTime "13:40:43 PST"]
[Termination "Cecile_Haussernot won by resignation"]

1. e4 b6 2. d4 Bb7 3. Bd3 e6 4. Nc3 Bb4 5. Ne2 Nf6 6. O-O c5 7. e5 cxd4 8. Nxd4 Bxc3 9. bxc3 Nd5 10. Ba3 Qg5 11. Nb5 Nxc3 12. Nd6+ Kf8 13. Nxb7+ Kg8 14. Qf3 Nc6 15. Nd6 Rf8 16. Ne4 Nxe4 17. Qxe4 Rc8 18. f4 Qg4 19. Rf3 h5 20. Rg3 Qh4 21. Ba6 Re8 22.
Rd1 Rd8 23. Bb5 Nb8 24. Bd6 a6 25. Be2 Nc6 26. Rh3 f5 27. Qe3 Qxh3 28. Qxh3 1-0

[Event "***Titled Tuesday 3|2 Blitz"]
[Site "Chess.com"]
[Date "2017.02.07"]
[Round "3"]
[White "wannabe2700"]
[Black "GasconJR"]
[Result "1-0"]
[WhiteElo "2316"]
[BlackElo "2317"]
[TimeControl "180+2"]
[EndTime "13:40:43 PST"]
[Termination "wannabe2700 won on time"]

1. e4 e5 2. Nf3 Nc6 3. Bb5 a6 4.
Ba4 Nf6 5. O-O Be7 6. d4 exd4 7. e5 Ne4 8. Nxd4 Nc5 9. Nf5 O-O 10. Qg4 g6 11. Bxc6 dxc6 12. Nxe7+ Qxe7 13. Qg3 Bf5 14. Nc3 Rfe8 15. Re1 Bxc2 16. Bg5 Qe6 17. Qh4 h5 18. h3 Bf5 19. f3 Nd3 20. Re3 c5 21. g4 Nxe5 22.
Bf6 Qc6 23. Bxe5 Bd7 24. gxh5 1-0

[Event "***Titled Tuesday 3|2 Blitz"]
[Site "Chess.com"]
[Date "2017.02.07"]
[Round "3"]
[White "wnstop"]
[Black "Dlugy"]
[Result "1-0"]
[WhiteElo "2421"]
[BlackElo "2674"]
[TimeControl "180+2"]
[EndTime "13:40:56 PST"]
[Termination "wnstop won by resignation"]

1. e4 d5 2. exd5 Qxd5 3. Nc3 Qd6 4. d4 c6 5. Ne4 Qe6 6. Qe2 Nf6 7. Nxf6+ exf6 8. Nf3 Bd6 9. Qxe6+ Bxe6 10. Be2 O-O 11. Be3 Re8 12. O-O-O Nd7 13. a3 Nb6 14. Kb1 Nd5 15.
Bc1 Bg4 16. Rhe1 Nf4 17. Bxf4 Bxf4 18. g3 Bd6 19. Ng1 Bf5 20. Bf3 g6 21. Kc1 h5 22.
h4 Rad8 23. Rxe8+ Rxe8 24. Kd2 Rd8 25. c3 Be6 26. Ne2 f5 27. Nf4 Bb3 28. Re1 c5 29.
Bxb7 cxd4 30. cxd4 Bxf4+ 31. gxf4 Rxd4+ 32. Kc3 Rd7 33.
Re8+ Kg7 34. Bc8 Rd6 35. Kxb3 Rd4 36. Re7 Rxf4 37. Rxa7 Rxf2 38. Be6 Kf6 39. Bxf7 Rf3+ 40. Ka2 Rf4 41. Be8 Rxh4 42. Ra6+ Ke5 43. Bxg6 f4 44. Ra5+ Kd4 45. Rxh5 Rg4 46. Be8 f3 47. Rf5 Ke3 48. Rxf3+ Kxf3 49. Bh5 1-0

[Event "***Titled Tuesday 3|2 Blitz"]
[Site "Chess.com"]
[Date "2017.02.07"]
[Round "3"]
[White "Pierrebl"]
[Black "platy3"]
[Result "0-1"]
[WhiteElo "2401"]
[BlackElo "2591"]
[TimeControl "180+2"]
[EndTime "13:40:56 PST"]
[Termination "platy3 won on time"]

1. e4 c5 2. Nf3 Nc6 3. d4 cxd4 4. Nxd4 Nf6 5. Nc3 e5 6. Ndb5 d6 7. Bg5 a6 8. Na3 b5 9. Bxf6 gxf6 10. Nd5 Bg7 11. Bd3 Ne7 12. Nxe7 Qxe7 13. c3 f5 14. Nc2 Bb7 15. Ne3 fxe4 16. Nf5 Qf6 17. Bxe4 d5 18. Bxd5 Rd8 19. Qg4 Bxd5 20. Qxg7 Qxf5 21. Qxh8+ Ke7 22. Qg7 Bc4 23. f3 Qf4 0-1

[Event "***Titled Tuesday 3|2 Blitz"]
[Site "Chess.com"]
[Date "2017.02.07"]
[Round "3"]
[White "Astaneh"]
[Black "Zlatan56"]
[Result "1-0"]
[WhiteElo "2493"]
[BlackElo "2637"]
[TimeControl "180+2"]
[EndTime "13:40:57 PST"]
[Termination "Astaneh won by resignation"]

1. d4 g6 2. Nf3 Bg7 3. e4 d6 4. h3 Nf6 5. Nc3 O-O 6. Bd3 Nc6 7.
O-O e5 8. dxe5 dxe5 9. b3 Nh5 10. Ne2 Be6 11. Ng5 Nf4 12. Nxf4 exf4 13. Bxf4 Bxa1 14. Qxa1 Qe7 15. Be3 Rad8 16. f4 Nb4 17. Qc3 Nxd3 18. cxd3 b6 19. f5 Bxf5 20. Nf3 Bc8 21. Bh6 f6 22.
Bxf8 Rxf8 23. b4 f5 24. exf5 Bxf5 25. Re1 Qd6 26. Qc4+ Kg7 27. Nd4 Qg3 28. Re7+ Kh6 29.
Qc1+ g5 30. Nxf5+ Rxf5 31. Qc6+ Qd6 32. Re6+ 1-0

[Event "***Titled Tuesday 3|2 Blitz"]
[Site "Chess.com"]
[Date "2017.02.07"]
[Round "3"]
[White "kiborg1987"]
[Black "GM_dmitrij"]
[Result "0-1"]
[WhiteElo "2635"]
[BlackElo "2486"]
[TimeControl "180+2"]
[EndTime "13:41:07 PST"]
[Termination "GM_dmitrij won by resignation"]

1. d4 Nf6 2. Bg5 Ne4 3. Bf4 d5 4.
e3 c5 5. Bd3 Nf6 6. c3 Qb6 7.
Qb3 c4 8. Qxb6 axb6 9. Bc2 b5 10. Nd2 Nc6 11. Ne2 b4 12. O-O e6 13. Rfb1 Bd7 14. Bg5 Be7 15. Bxf6 Bxf6 16. b3 bxc3 17. Nxc3 Nxd4 18.
exd4 Bxd4 19. Ne2 Bxa1 20. Rxa1 b5 21. f4 Ke7 22. Kf2 Ra3 23. bxc4 bxc4 24. Nb1 Ra5 25. Nbc3 Rb8 26. Ke3 Rb2 27. Kd2 f6 28. Rd1 Ba4 29. Nxa4 Rxa4 30. Nc3 Ra3 31. Kc1 Rb8 32. Nb1 Rxa2 33.
f5 Rbb2 0-1